 Dungeon Crawl Stone Soup version 0.26-a0-1040-gbe3abf3417 (webtiles) character file.

Game seed: 5770570401467374255

11171 pkoi the Grappler (level 11, -5/91 HPs)
             Began as a Minotaur Fighter on Dec 11, 2020.
             Was an Elder of Makhleb.
             Slain by a yak (14 damage)
             ... on level 8 of the Dungeon.
             The game lasted 00:13:11 (11727 turns).

pkoi the Grappler (Minotaur Fighter)               Turns: 11727, Time: 00:13:12

Health: -5/91      AC:  9    Str: 24    XL:     11   Next: 45%
Magic:  16/16      EV: 11    Int:  5    God:    Makhleb [****..]
Gold:   615        SH: 12    Dex: 10    Spells: 10/10 levels left

rFire    . . .     SeeInvis .     - Unarmed
rCold    . . .     Faith    .   t - +1 kite shield
rNeg     . . .     Spirit   .   u - +0 swamp dragon scales
rPois    +         Reflect  .   (helmet restricted)
rElec    .         Harm     .   (no cloak)
rCorr    .         Rampage  .   (no gloves)
Will     .....                  (no boots)
Stlth    ..........             (no amulet)
HPRegen  0.25/turn              y - +4 ring of slaying
MPRegen  0.15/turn              (no ring)

@: no status effects
A: retaliatory headbutt, horns 2
a: Minor Destruction, Lesser Servant of Makhleb, Major Destruction, Renounce
Religion


You were on level 8 of the Dungeon.
You worshipped Makhleb.
Makhleb was greatly pleased with you.
You visited 3 branches of the dungeon, and saw 12 of its levels.
You also visited: Ossuary.

You collected 615 gold pieces.

Inventory:

Missiles
 b - 51 poisoned darts (quivered)
 z - 24 boomerangs
Armour
 a - a +0 scale mail
 g - a +0 chain mail
 t - a +1 kite shield (worn)
 u - +0 swamp dragon scales (worn)
Jewellery
 y - a +4 ring of slaying (left hand)
Wands
 q - a wand of acid (8)
 v - a wand of digging (6)
 w - a wand of paralysis (4)
 A - a wand of disintegration (22)
 B - a wand of polymorph (10)
Scrolls
 e - 3 scrolls of fear
 h - 14 scrolls of identify
 i - 3 scrolls of amnesia
 j - a scroll of immolation
 l - 4 scrolls of remove curse
 m - 2 scrolls of magic mapping
 n - 3 scrolls of teleportation
 p - a scroll of blinking
 x - 2 scrolls of enchant weapon
Potions
 c - 5 potions of might
 d - a potion of degeneration {unknown}
 f - 4 potions of curing
 k - a potion of brilliance
 o - a potion of heal wounds
 r - 2 potions of lignification
 s - 2 potions of berserk rage {unknown}
 C - a potion of cancellation {unknown}


   Skills:
 + Level 6.9 Fighting
 + Level 3.4 Throwing
 + Level 6.9 Armour
 + Level 5.2 Dodging
 + Level 6.9 Shields
 + Level 12.2 Unarmed Combat
 + Level 9.2 Invocations
 + Level 3.1 Evocations


You had 10 spell levels left.
You didn't know any spells.
Your spell library was empty.

Dungeon Overview and Level Annotations

Branches:
Dungeon (10/15)            Temple (1/1) D:5            Lair (1/6) D:8
Ossuary (visited)
    Orc: D:9-12

Altars:
Ashenzari
Cheibriados
Dithmenos
Elyvilon
Fedhas
Gozag
Hepliaklqana
Kikubaaqudgha
Makhleb
Nemelex Xobeh
Okawaru
Qazlal
Ru
Sif Muna
Trog
Uskayaw
Vehumet
Wu Jian
Xom
Yredelemnul
Zin
The Shining One

Annotations:
D:5 2 runed translucent doors, LufLufFighter's ghost, novice MfTm
Lair:1 Grum


Innate Abilities, Weirdness & Mutations

You reflexively headbutt those who attack you in melee.
You have a pair of horns on your head.


Message History

You climb upwards.
Welcome back to the Dungeon!
There is a staircase to the Lair, spattered with blood here.
You are too injured to fight recklessly!
You are too injured to fight recklessly!
Unknown command.
You are too injured to fight recklessly!
Unknown command.
You are too injured to fight recklessly!
You barely miss the yak.
The yak is heavily wounded.
The yak gores you.
* * * LOW HITPOINT WARNING * * *
The yak gores you!
* * * LOW HITPOINT WARNING * * *
The yak gores you!
* * * LOW HITPOINT WARNING * * *
You hit the yak. You headbutt the yak!
The yak is severely wounded.
The yak gores you!
You die...

##.# #...# #........#.
#.#####..### #...)....#.
#..##.†....### ##.##)#####. ##
##.#####.....### #..##.# #. .##
#.###.......P.###.###.# ##.
..####.##......PP.PP##.###.# #..
#...##.#........PPPP##.#...#
##.#
###.........P..Y÷PPP#....###
#..# ##.....PPP...÷@†PP#....#
#.## #.####PPP..PPYYPP#....# #.#
#.# ##PPPPPPPPP##....# #.# #.#
############....#####.# #.#
#.###.#..........##...# #.#
#.##..#.>...........### ####.#
#.#..##.........##..# ..#..#
#...###.........##..##
#...########..#......[...##...##


You could see 3 yaks.

Vanquished Creatures
  A hydra (Lair:1)
  Erica (D:9)
  A two-headed ogre (D:10)
  Pikel (D:5)
  Maggie (D:7)
  A cane toad (D:8)
  2 komodo dragons
  Sigmund (D:3)
  A wyvern (D:8)
  10 yaks
  Eustachio (D:5)
  Menkaure (D:6)
  A soldier ant (D:9)
  3 water moccasins
  A sky beast (D:5)
  3 orc warriors
  4 ice beasts (D:9)
  2 black bears
  2 ogres
  3 wolves
  4 centaurs
  3 big kobolds
  7 bullfrogs
  Blork the orc (D:5)
  6 scorpions
  A water moccasin skeleton (D:8)
  An oklob sapling (D:5)
  6 jellies
  16 wights
  An electric eel (D:9)
  A howler monkey (D:5)
  A centaur zombie (Ossuary)
  2 human zombies (Ossuary)
  A bullfrog zombie (D:9)
  3 centaur skeletons
  7 hounds
  A gnoll shaman (D:8)
  4 orc priests
  A bullfrog skeleton (D:7)
  Jessica (D:2)
  12 orc wizards
  Terence (D:3)
  8 worker ants
  A big kobold zombie (Ossuary)
  3 mummies (Ossuary)
  A worker ant zombie (D:5)
  Robin (D:2)
  7 gnolls
  8 adders
  5 scorpion zombies (Ossuary)
  A shadow imp (D:4)
  4 white imps
  3 ufetubi
  2 worms
  5 dart slugs
  5 leopard geckos
  46 orcs
  2 bats
  10 giant cockroaches
  A gnoll zombie (Ossuary)
  14 hobgoblins
  18 jackals
  25 kobolds
  7 quokkas
  2 ball pythons
  5 frilled lizards
  15 goblins
  3 goblin zombies (Ossuary)
  2 hobgoblin zombies (Ossuary)
  2 kobold zombies (Ossuary)
  3 orc zombies (Ossuary)
  A quokka zombie (D:8)
  6 rats
338 creatures vanquished.

Vanquished Creatures (others)
  16 plants
16 creatures vanquished.

Grand Total: 354 creatures vanquished

Notes
Turn   | Place    | Note
-------+----------+-------------------------------------------
     0 | D:1      | pkoi the Minotaur Fighter began the quest for the Orb.
     0 | D:1      | Reached XP level 1. HP: 19/19 MP: 0/0
   204 | D:1      | Reached skill level 3 in Unarmed Combat
   231 | D:1      | Reached XP level 2. HP: 18/26 MP: 1/1
  1069 | D:2      | Reached XP level 3. HP: 31/31 MP: 2/2
  1124 | D:2      | Noticed Robin
  1132 | D:2      | Reached skill level 4 in Unarmed Combat
  1161 | D:2      | Killed Robin
  1218 | D:2      | Reached XP level 4. HP: 13/39 MP: 3/3
  1428 | D:1      | Reached skill level 5 in Unarmed Combat
  1704 | D:2      | Noticed Jessica
  1711 | D:2      | Killed Jessica
  1712 | D:2      | Reached XP level 5. HP: 46/46 MP: 4/4
  1832 | D:2      | You fall into a shaft and drop 2 floors!
  1842 | D:4      | Reached skill level 1 in Dodging
  1939 | D:4      | Reached XP level 6. HP: 32/52 MP: 5/5
  2218 | D:4      | Reached skill level 6 in Unarmed Combat
  2909 | D:4      | Reached XP level 7. HP: 46/60 MP: 6/6
  3521 | D:3      | Noticed Sigmund
  3529 | D:3      | Killed Sigmund
  3530 | D:3      | Reached skill level 7 in Unarmed Combat
  3617 | D:3      | Noticed Terence
  3640 | D:3      | Reached skill level 5 in Fighting
  3640 | D:3      | Reached skill level 5 in Armour
  3640 | D:3      | Reached skill level 5 in Shields
  3654 | D:3      | Killed Terence
  4440 | D:5      | Entered Level 5 of the Dungeon
  4444 | D:5      | Found a staircase to the Ecumenical Temple.
  4481 | Temple   | Entered the Ecumenical Temple
  4879 | Temple   | Became a worshipper of Makhleb the Destroyer
  4936 | D:5      | Noticed Eustachio
  4955 | D:5      | Reached skill level 1 in Invocations
  4955 | D:5      | Reached XP level 8. HP: 51/68 MP: 7/7
  4990 | D:5      | Killed Eustachio
  5131 | D:5      | Found a large runed translucent door.
  5131 | D:5      | Found a large runed translucent door.
  5133 | D:5      | Noticed LufLufFighter's ghost (novice MfTm)
  5159 | D:5      | Reached skill level 8 in Unarmed Combat
  5165 | D:5      | Noticed Blork the orc
  5172 | D:5      | Killed Blork the orc
  5246 | D:5      | Found a shadowy altar of Dithmenos.
  5246 | D:5      | Noticed Pikel
  5271 | D:5      | Killed Pikel
  5272 | D:5      | Reached skill level 9 in Unarmed Combat
  5277 | D:5      | Reached * piety under Makhleb
  5334 | D:5      | Reached skill level 5 in Invocations
  5334 | D:5      | Reached XP level 9. HP: 74/74 MP: 11/11
  5400 | D:5      | Found a glowing silver altar of Zin.
  5751 | D:6      | Found a sand-covered staircase.
  5759 | Ossuary  | Entered an ossuary
  6017 | Ossuary  | Reached skill level 10 in Unarmed Combat
  6123 | Ossuary  | Reached ** piety under Makhleb
  6412 | D:6      | Noticed Menkaure
  6419 | D:6      | Killed Menkaure
  6941 | D:6      | Found an ancient bone altar of Kikubaaqudgha.
  7101 | D:7      | Noticed Maggie
  7502 | D:7      | Reached skill level 11 in Unarmed Combat
  7891 | D:7      | Killed Maggie
  7892 | D:7      | Reached XP level 10. HP: 79/81 MP: 14/14
  8279 | D:8      | Found a staircase to the Lair.
  8294 | D:8      | Reached *** piety under Makhleb
  8627 | D:8      | Found an opulent altar of Gozag.
  8862 | D:8      | Got a pair of transparent gloves
  8868 | D:8      | Identified the +0 pair of gloves of True Grit {Harm Dex+2}
                  | (You found it on level 8 of the Dungeon)
  8943 | D:8      | Found a hide-covered altar of Uskayaw.
  8943 | D:8      | Found a hazy altar of Hepliaklqana.
  9010 | D:8      | Reached skill level 1 in Throwing
  9017 | D:8      | Reached skill level 1 in Evocations
  9736 | D:9      | Reached **** piety under Makhleb
  9854 | D:9      | Noticed Erica
  9868 | D:9      | Killed Erica
 10907 | D:10     | Entered Level 10 of the Dungeon
 10907 | D:10     | Noticed a two-headed ogre
 10911 | D:10     | Killed a two-headed ogre
 10912 | D:10     | Reached skill level 12 in Unarmed Combat
 10912 | D:10     | Reached XP level 11. HP: 88/89 MP: 16/16
 10976 | Lair:1   | Entered Level 1 of the Lair of Beasts
 10976 | Lair:1   | Noticed a four-headed hydra
 10984 | Lair:1   | Killed a four-headed hydra
 11328 | Lair:1   | Reached skill level 5 in Dodging
 11478 | Lair:1   | Noticed Grum
 11727 | D:8      | Slain by a yak

Illustrated notes

Levels and vault maps discovered:
D:1:      elethiomel_arrival_quiet, layout_loops_corners,
          chequers_serial_rivers_large_b
D:2:      layout_basic, minmay_tripent, uniq_robin, uniq_jessica
D:3:      layout_basic, uniq_sigmund, uniq_terence
D:4:      corexii_shack_village, layout_basic, minmay_bent
D:5:      layout_basic, kennysheep_mini_moat, nicolae_dithmenos_shadow_blocks,
          minmay_temple_entry_oklob, ebering_ghost_disaster_area, uniq_pikel,
          uniq_blork_the_orc, uniq_eustachio
D:6:      layout_rooms, kiku_gazebo_pond_becter, nicolae_ossuary_entry_ruins,
          uniq_menkaure
D:7:      layout_rooms, uniq_maggie
D:8:      layout_rooms, old_standard_altar, gammafunk_temple_overflow_wave,
          david_lair_shrubbed
D:9:      minmay_twisted_water, layout_basic, uniq_erica
D:10:     layout_roguey, gammafunk_ghost_hydra_chop
Temple:   eino_temple_scatter_basement
Lair:1:   layout_gridlike, uniq_grum

Skill      XL: |  1  2  3  4  5  6  7  8  9 10 11 |
---------------+----------------------------------+-----
Unarmed Combat | 3 4 5 6 7 9 11 12 | 12.2
Dodging        | 1 2 3 4 5 |  5.2
Armour         | 4 5 6 |  6.9
Shields        | 4 5 6 |  6.9
Fighting       | 4 5 6 |  6.9
Invocations    | 1 5 7 9 |  9.2
Throwing       | 2 3 |  3.4
Evocations     | 2 3 |  3.1

Action                   |  1- 3 |  4- 6 |  7- 9 | 10-12 || total
-------------------------+-------+-------+-------+-------++-------
Melee: Unarmed           |   117 |   145 |   450 |   330 ||  1042
       Headbutt          |    17 |    24 |    97 |    67 ||   205
Throw: Dart              |       |       |       |     5 ||     5
Invok: Lesser Servant of |       |       |       |     1 ||     1
  Use: Potion            |       |       |     5 |       ||     5
       Scroll            |       |       |    14 |       ||    14
Armor: Scale mail        |     3 |       |       |       ||     3
       Chain mail        |    38 |    62 |   128 |       ||   228
       Swamp dragon scal |       |       |       |    98 ||    98
Dodge: Dodged            |    22 |    32 |    82 |   134 ||   270
Block: Kite shield       |    43 |    62 |   192 |   204 ||   501

Table legend: (Time is in decaauts)
 A = Elapsed time spent in this place.
 B = Non-inter-level travel time spent in this place.
 C = Inter-level travel time spent in this place.
 D = Time resting spent in this place.
 E = Time spent auto-exploring this place.
 F = Levels seen in this place.
 G = Mean time per level.
                   A        B        C        D        E       F      G
               +--------+--------+--------+--------+--------+-----+--------+
         Total |  11689 |  10736 |    953 |   2413 |   6253 |  13 |  899.2 |
       Dungeon |  10266 |   9331 |    935 |   1999 |   5594 |  10 | 1026.6 |
        Temple |    416 |    398 |     18 |      0 |    372 |   1 |  416.0 |
          Lair |    414 |    414 |      0 |    263 |     43 |   1 |  414.0 |
       Ossuary |    592 |    592 |      0 |    151 |    244 |   1 |  592.0 |
               +--------+--------+--------+--------+--------+-----+--------+

Top non-repeatable levels by time:
     D:4: 1747 daAuts
     D:8: 1567 daAuts
     D:6: 1279 daAuts
     D:1: 1240 daAuts
     D:9: 1222 daAuts
     D:5: 913 daAuts
     D:3: 899 daAuts
     D:2: 895 daAuts
 Ossuary: 592 daAuts
     D:7: 492 daAuts
  Temple: 416 daAuts
  Lair:1: 414 daAuts
    D:10: 6 daAuts
